Map: Ulrena

Players

Noobkiller

  • Race: Zerg Zerg
  • League: Bronze

NeWHoriZonS

  • Race: Zerg Zerg
  • League: Platinum

RocknRoll

  • Race: Protoss Protoss
  • League: Silver

Gaoh

  • Race: Protoss Protoss
  • League: Diamond

VOD

Have the link to the VOD?

Description

Time

  • Played on: Jan. 8, 2016, 10:25 a.m.
  • Length: 13:09
Show
View Real Time Build Order
Export as new Build Order

Noobkiller Zerg 

Build Orders: Hatch First, Roach Nydus 

Get SALT Encoding   

  12  0:04  Drone  
  13  0:09  Drone  
  14  0:38  Hatchery, Drone  
  14  0:51  Overlord  
  14  1:09  Drone  
  15  1:16  Drone x2  
  17  1:26  Spawning Pool  
  17  1:28  Extractor  
  17  1:30  Drone  
  17  1:32  Drone  
  18  2:10  Overlord x2  
  18  2:22  Extractor  
  17  2:23  Queen  
  17  2:25  Overlord x2  
  19  2:50  Drone x2  
  21  2:57  Zergling x2  
  22  2:59  Queen  
  24  3:08  Metabolic Boost, Roach Warren  
  22  3:41  Drone x3  
  22  3:42  Drone x3  
  22  3:45  Lair  
  28  4:14  Roach x2  
  28  4:15  Roach x3  
  38  4:23  Evolution Chamber  
  37  4:36  Overlord x2  
  37  4:43  Roach x2  
  37  4:44  Roach  
  43  4:50  Nydus Network  
  41  5:04  Roach x2  
  47  5:14  Roach x4  
  47  5:19  Queen  
  55  5:38  Nydus Canal  
  55  6:19  Roach x3  
  55  6:20  Roach  
  55  6:21  Overlord, Zergling x2  
  48  7:07  Roach x4  
  48  7:08  Roach  
  58  7:12  Queen  
  37  7:43  Roach x3  
  37  7:44  Roach x3  
  45  7:47  Queen  
  43  8:29  Queen  
  43  8:56  Ravager, Roach x7  
  58  9:05  Queen  
  59  9:20  Zerg Missile Weapons Level 1  
  59  9:32  Nydus Canal  
  59  9:40  Zergling x10  
  51  10:07  Zergling x8  
  49  10:20  Zergling x2  
  48  10:45  Hatchery  
  30  11:11  Zergling x2  
  30  11:12  Zergling x4  
  18  11:59  Overseer x5  
Show
View Real Time Build Order
Export as new Build Order

NeWHoriZonS Zerg 

Build Orders:  

Get SALT Encoding   

  12  0:00  Probe (Chrono Boost)  
  13  0:14  Pylon  
  13  0:19  Probe (Chrono Boost)  
  14  0:33  Forge  
  14  0:48  Pylon  
  14  0:51  Probe (Chrono Boost)  
  16  1:04  Probe (Chrono Boost)  
  16  1:07  Assimilator  
  16  1:12  Photon Cannon  
  16  1:16  Probe (Chrono Boost)  
  17  1:28  Gateway  
  18  1:32  Probe (Chrono Boost)  
  18  1:43  Probe (Chrono Boost)  
  19  1:53  Probe (Chrono Boost)  
  19  2:04  Probe (Chrono Boost)  
  19  2:07  Assimilator  
  20  2:15  Probe (Chrono Boost)  
  21  2:17  Cybernetics Core  
  21  2:26  Zealot  
  23  2:49  Nexus  
  23  2:54  Pylon  
  23  3:02  Probe (Chrono Boost), Warp Gate (Chrono Boost)  
  24  3:08  Stalker  
  26  3:13  Probe (Chrono Boost)  
  27  3:22  Robotics Facility  
  27  3:25  Probe (Chrono Boost)  
  28  3:33  Protoss Ground Weapons Level 1  
  28  3:41  Mothership Core  
  30  3:57  Pylon  
  30  4:02  Probe  
  31  4:03  Probe  
  31  4:04  Photon Cannon  
  31  4:09  Observer (Chrono Boost)  
  33  4:12  Zealot  
  35  4:18  Probe x2  
  37  4:36  Photon Cannon  
  37  4:40  Pylon  
  37  4:43  Probe x2  
  38  4:53  Probe  
  38  4:55  Probe  
  42  5:03  Warp Prism (Chrono Boost)  
  42  5:07  Probe  
  42  5:10  Probe  
  44  5:17  Zealot  
  44  5:19  Assimilator  
  44  5:20  Probe x2  
  48  5:31  Probe  
  48  5:32  Probe  
  50  5:41  Probe  
  50  5:44  Probe  
  52  5:51  Pylon  
  52  5:56  Probe  
  49  6:06  Stalker  
  49  6:10  Pylon  
  55  6:11  Immortal (Chrono Boost)  
  48  6:23  Probe  
  48  6:24  Probe  
  24  6:36  Probe  
  25  6:46  Probe  
  25  6:48  Probe  
  27  6:57  Probe  
  26  7:17  Immortal (Chrono Boost)  
  30  7:24  Probe  
  29  7:47  Probe x2  
  29  7:50  Stalker  
  33  7:58  Probe  
  33  7:59  Probe  
  31  8:27  Probe  
  29  8:28  Probe  
  29  8:33  Immortal (Chrono Boost)  
  32  8:42  Stalker  
  38  9:10  Immortal (Chrono Boost)  
  38  9:15  Probe  
  39  9:20  Probe  
  30  9:32  Stalker  
  32  9:39  Probe x2  
  32  9:45  Warp Prism (Chrono Boost)  
  36  9:49  Probe  
  36  10:03  Stalker  
  36  10:04  Probe x2  
  36  10:15  Probe x2  
  36  10:20  Warp Prism (Chrono Boost)  
  38  10:27  Probe  
  39  10:35  Zealot  
  41  10:44  Gateway  
  41  10:46  Gateway  
  41  11:14  Zealot  
  41  11:16  Probe  
  41  11:17  Probe  
  45  11:27  Probe x2  
  45  11:37  Zealot  
  43  12:13  Zealot  
  45  12:19  Pylon  
  45  12:21  Pylon x2  
  45  12:24  Pylon  
  45  12:26  Pylon  
  45  12:27  Pylon  
  45  12:56  Stalker, Zealot  
  45  12:57  Zealot  
Show
View Real Time Build Order
Export as new Build Order

RocknRoll Protoss 

Build Orders:  

Get SALT Encoding   

Show
View Real Time Build Order
Export as new Build Order

Gaoh Protoss 

Build Orders:  

Get SALT Encoding   

Tags
 
Add a new tag
Caveats
  • Supply blocks, unpowered buildings, or Contaminate may cause inaccurate times.
  • Supply counts are checked every 10 seconds.